 Dungeon Crawl Stone Soup version 0.32-a0-768-g0f6f1dd4b9 (webtiles) character file.

Game seed: 11192864107503460020

25 chuckh07 the Conjurer (level 2, 0/16 HPs)
             Began as a Deep Elf Conjurer on Mar 18, 2024.
             Constricted to death by a ball python zombie (1 damage)
             ... on level 3 of the Dungeon.
             The game lasted 00:02:09 (507 turns).

chuckh07 the Conjurer (Deep Elf Conjurer)            Turns: 507, Time: 00:02:10

Health: 0/16       AC:  2    Str:  4    XL:     2   Next: 86%
Magic:  6/8        EV:  1    Int: 22    God:
Gold:   29         SH:  0    Dex: 13    Spells: 6/7 levels left

rFire   . . .        c - +0 mace
rCold   . . .        (no shield)
rNeg    . . .        a - +0 robe
rPois   .            (no helmet)
rElec   .            (no cloak)
rCorr   .            (no gloves)
SInv    .            (no boots)
Will    .....        (no amulet)
Stlth   ++           (no ring)
HPRegen 0.22/turn    (no ring)
MPRegen 0.11/turn

%: no passive effects
@: constricted
A: no striking features
a: no special abilities


You were on level 3 of the Dungeon.
You visited 1 branch of the dungeon, and saw 3 of its levels.

You collected 29 gold pieces.

Inventory:

Hand Weapons
 c - a +0 mace (weapon)
 d - a +0 club
 e - a +0 dagger
 g - a +0 short sword
 h - a +0 dagger
Armour
 a - a +0 robe (worn)
 f - a +0 scale mail
Potions
 b - a potion of magic


   Skills:
 * Level 0.5 Fighting
 + Level 0.1 Maces & Flails
 * Level 2.8 Dodging
 - Level 2.5 Stealth
 * Level 3.4 Spellcasting
 - Level 4.8 Conjurations


You had 6 spell levels left.
You knew the following spells:

 Your Spells              Type           Power      Damage    Failure   Level
a - Magic Dart            Conj           96%        1d7       1%          1

Your spell library contained the following spells:

 Spells                   Type           Power      Damage    Failure   Level
 Searing Ray              Conj           48%        2d6       2%          2
 Fulminant Prism          Conj/Alch      7%         3d7       41%         4
 Iskenderun's Mystic Bla  Conj/Tloc      14%        2d5       41%         4


Dungeon Overview and Level Annotations

Branches:
Dungeon (3/15)

Altars:


Message History

There is a stone staircase leading up here.
You see here 8 gold pieces.
You now have 29 gold pieces (gained 8).
Casting: Magic Dart (safe; 1% risk of failure)
Confirm with . or Enter, or press ? or * to list all spells.
Aiming: Magic Dart (safe; 1% risk of failure)
Press: ? - help, Shift-Dir - straight line, f - howler monkey skeleton
Aim: a howler monkey skeleton (100% to hit)
The magic dart hits the howler monkey skeleton.
The howler monkey skeleton is moderately damaged.
The howler monkey skeleton hits you.
Casting: Magic Dart (safe; 1% risk of failure)
Confirm with . or Enter, or press ? or * to list all spells.
Aiming: Magic Dart (safe; 1% risk of failure)
Press: ? - help, Shift-Dir - straight line, f/p - howler monkey skeleton
Aim: a howler monkey skeleton (moderately damaged, 100% to hit)
The magic dart hits the howler monkey skeleton.
The howler monkey skeleton is heavily damaged.
The howler monkey skeleton hits you.
You hit the howler monkey skeleton.
The howler monkey skeleton is severely damaged.
The howler monkey skeleton hits you.
* * * LOW HITPOINT WARNING * * *
You hit the howler monkey skeleton but do no damage.
The howler monkey skeleton is severely damaged.
The howler monkey skeleton closely misses you.
The ball python zombie misses you.
You hit the howler monkey skeleton.
You destroy the howler monkey skeleton!
The ball python zombie barely misses you.
The ball python zombie grabs you. The ball python zombie constricts you.
* * * LOW HITPOINT WARNING * * *
The ball python zombie bites you.
* * * LOW HITPOINT WARNING * * *
The ball python zombie constricts you.
* * * LOW HITPOINT WARNING * * *
The ball python zombie's grasp on you weakens, but your attempt to escape fails.
The ball python zombie bites you but does no damage.
The ball python zombie constricts you.
You die...

###......
#.#......
#......##
#.......
#.....#
#.....#####
#..........
#<.Z.....~.
#..@....~~.
#..###..~~~
#..# ~~~~
#..# ~..
#..# ~.
#... . #.#.
#.


You could see a ball python zombie.

Vanquished Creatures
  A howler monkey skeleton (D:3)
  An endoplasm (D:2)
  4 goblins
  3 jackals (D:1)
  A quokka (D:2)
  A ball python (D:1)
  A bat (D:1)
  A frilled lizard (D:1)
  A kobold (D:2)
  2 rats
16 creatures vanquished.

Notes
Turn   | Place    | Note
-------+----------+-------------------------------------------
     0 | D:1      | chuckh07 the Deep Elf Conjurer began the quest for the Orb.
     0 | D:1      | Reached XP level 1. HP: 10/10 MP: 6/6
   271 | D:1      | Reached XP level 2. HP: 15/15 MP: 6/8
   507 | D:3      | Constricted to death by a ball python zombie

Illustrated notes

Levels and vault maps discovered:
D:1:      psy_arrival_dodecagon, layout_basic
D:2:      layout_basic, minmay_stone_trees_small, uniq_natasha
D:3:      layout_rooms, serial_undead, serial_undead_b, serial_undead_a,
          serial_undead_f, serial_undead_f, serial_undead_f, serial_shops,
          nicolae_shop_peninsula, shop, shop, shop, shop,
          roderic_serpentine_path, hex_intersection

Action                     || total
---------------------------++-------
  Melee: Mace              ||    17
   Cast: Magic Dart        ||    17
 Armour: Robe              ||    19
  Dodge: Dodged            ||    19

Table legend: (Time is in decaauts)
 A = Elapsed time spent in this place.
 B = Non-inter-level travel time spent in this place.
 C = Inter-level travel time spent in this place.
 D = Time resting spent in this place.
 E = Time spent auto-exploring this place.
 F = Levels seen in this place.
 G = Mean time per level.
                   A        B        C        D        E       F      G
               +--------+--------+--------+--------+--------+-----+--------+
         Total |    512 |    490 |     22 |     34 |    207 |   3 |  170.7 |
       Dungeon |    512 |    490 |     22 |     34 |    207 |   3 |  170.7 |
               +--------+--------+--------+--------+--------+-----+--------+

Top non-repeatable levels by time:
     D:1: 395 daAuts
     D:2: 106 daAuts
     D:3: 11 daAuts
